 Seeded DCSS version 0.29.1-2-gbd0b4ee654 (webtiles) character file.

Game seed: 20221028 (custom seed)

7119 Nerdsrcool the Spear-Bearer (level 11, -3/89 HPs)
             Began as a Gnoll Cinder Acolyte on Oct 28, 2022.
             Was an Initiate of Ignis.
             Slain by a wraith (8 damage)
             ... on level 11 of the Dungeon on Oct 31, 2022.
             The game lasted 01:58:06 (13220 turns).

Nerdsrcool the Spear-Bearer (Gnoll Cinder Acolyte) Turns: 13220, Time: 01:58:07

Health: -3/89      AC: 10    Str: 17    XL:     11   Next: 10%
Magic:  16/21      EV: 14    Int: 14    God:    Ignis [......]
Gold:   546        SH:  5    Dex: 14    Spells: 17/23 levels left

rFire   + . .      SeeInvis +   N - +3 spear (freeze)
rCold   . . .      Faith    .   h - +0 buckler
rNeg    . . .      Spirit   .   G - +0 steam dragon scales
rPois   +          Reflect  .   m - +0 helmet
rElec   .          Harm     .   l - +2 cloak
rCorr   .          Rampage  .   (no gloves)
Will    +....                   (no boots)
Stlth   +++.......              t - amulet of regeneration
HPRegen 1.04/turn               k - +6 ring of dexterity
MPRegen 0.17/turn               B - ring of poison resistance

@: slowed, very slow
A: fangs 1, strong nose, distributed training, talons 1, see invisible,
strong-willed 1
a: Renounce Religion


You were on level 11 of the Dungeon.
You worshipped Ignis.
Ignis was noncommittal.
You visited 2 branches of the dungeon, and saw 13 of its levels.
You also visited: Sewer.

You collected 546 gold pieces.

Inventory:

Hand Weapons
 a - a -1 spear of flaming
 j - the +9 whip of Grace {vorpal, rElec Str-3 Int-3 Stlth+}
   (You found it on level 9 of the Dungeon)

   It inflicts extra damage upon your enemies.
   Str:       It affects your strength (-3).
   Int:       It affects your intelligence (-3).
   rElec:     It insulates you from electricity.
   Stlth:     It makes you more stealthy.
 q - the +2 halberd "Nuseygh" {elec, +Blink Will+ MP-9 Dex+3}
   (You found it on level 5 of the Dungeon)

   It occasionally discharges a powerful burst of electricity upon striking a
   foe.
   Dex:       It affects your dexterity (+3).
   MP:        It affects your magic capacity (-9).
   +Blink:    It lets you blink.
   Will:      It increases your willpower.
 s - a +0 vorpal flail
 y - a +2 flail of holy wrath
 D - a +3 trident of chaos
 E - a +2 short sword of speed
 H - a +0 double sword
 L - a +3 short sword
 M - a +5 mace
 N - a +3 spear of freezing (weapon)
 P - a +0 vorpal spear
Missiles
 f - a curare-tipped dart
 i - 17 poisoned darts
 r - a boomerang
 K - a throwing net
Armour
 h - a +0 buckler (worn)
 l - a +2 cloak (worn)
 m - a +0 helmet (worn)
 z - a +1 chain mail of poison resistance
 G - +0 steam dragon scales (worn)
Jewellery
 k - a +6 ring of dexterity (left hand)
 t - an amulet of regeneration (around neck)
 x - a ring of protection from fire
 B - a ring of poison resistance (right hand)
 F - a ring of protection from fire
Wands
 d - a wand of flame (7)
 n - a wand of charming (4)
 C - a wand of roots (15)
Potions
 c - a potion of resistance {unknown}
 e - 4 potions of attraction
 g - 3 potions of brilliance
 p - 6 potions of flight
 u - 3 potions of magic
 w - a potion of mutation
 O - a potion of cancellation {unknown}
Miscellaneous
 b - a tin of tremorstones (2/2)


   Skills:
 + Level 9.1 Fighting
 + Level 6.2 Short Blades
 + Level 6.2 Long Blades
 + Level 6.2 Axes
 + Level 6.2 Maces & Flails
 + Level 9.1 Polearms
 + Level 6.2 Staves
 + Level 6.2 Ranged Weapons
 + Level 6.2 Throwing
 + Level 6.2 Armour
 + Level 6.2 Dodging
 + Level 6.2 Stealth
 + Level 6.2 Shields
 + Level 6.2 Unarmed Combat
 + Level 6.8 Spellcasting
 + Level 5.1 Conjurations
 + Level 5.1 Hexes
 + Level 5.1 Summonings
 + Level 5.1 Necromancy
 + Level 5.1 Translocations
 + Level 5.1 Transmutations
 + Level 7.6 Fire Magic
 + Level 5.1 Ice Magic
 + Level 5.1 Air Magic
 + Level 5.1 Earth Magic
 + Level 5.1 Poison Magic
 + Level 6.8 Invocations
 + Level 6.2 Evocations


You had 17 spell levels left.
You knew the following spells:

 Your Spells              Type           Power      Damage    Failure   Level
a - Scorch                Fire           52%        2d7       1%          2
b - Static Discharge      Conj/Air       19%        3-6/arc   3%          2
c - Blink                 Tloc           38%        N/A       3%          2

Your spell library contained the following spells:

 Spells                   Type           Power      Damage    Failure   Level
 Necrotise                Necr           76%        1d7       2%          1
 Lesser Beckoning         Tloc           19%        N/A       7%          3
 Vampiric Draining        Necr           19%        2d7       7%          3
 Sticky Flame             Conj/Fire      22%        2d4       13%         4
 Dispel Undead            Necr           19%        3d11      22%         4
 Petrify                  Tmut/Erth      19%        N/A       22%         4
 Fireball                 Conj/Fire      11%        3d7       36%         5
 Agony                    Necr           19%        N/A       52%         5
 Iskenderun's Battlesphe  Conj           19%        2d7       52%         5
 Manifold Assault         Tloc           19%        N/A       52%         5
 Metabolic Englaciation   Hex/Ice        9%         N/A       52%         5
 Conjure Ball Lightning   Conj/Air       9%         3x3d6     98%         6
 Statue Form              Tmut/Erth      12%        N/A       98%         6
 Orb of Destruction       Conj           9%         9d6       100%        7
 Discord                  Hex            9%         N/A       100%        8
 Disjunction              Tloc           9%         N/A       100%        8


Dungeon Overview and Level Annotations

Branches:
Dungeon (12/15)            Temple (1/1) D:5           Sewer (visited)
   Lair: D:8-11         Orc: D:9-12

Altars:
Ashenzari
Cheibriados
Dithmenos
Elyvilon
Fedhas
Gozag
Hepliaklqana
Kikubaaqudgha
Makhleb
Nemelex Xobeh
Okawaru
Qazlal
Ru
Sif Muna
Trog
Uskayaw
Vehumet
Wu Jian
Xom
Yredelemnul
Zin
The Shining One

Shops:
D:4 =

Annotations:
D:8 3 runed translucent doors, quakins's ghost, novice TrTm


Innate Abilities, Weirdness & Mutations

You have very sharp teeth.
Your uncanny sense of smell can sniff out nearby items.
Your experience applies equally to all skills.
You have sharp toenails.
You have supernaturally acute eyesight. (SInv)
You are strong-willed. (Will+)


Message History

You hit the wraith. You freeze the wraith.
The wraith is lightly damaged.
You block the wyvern's attack. You block the wraith's attack.
You hit the wyvern. You freeze the wyvern.
You kill the wyvern!
The wraith closely misses you.
You are too injured to fight recklessly!
Casting: Blink (safe; 3% risk of failure)
Press: ? - help, Q - select action, (/) - cycle Dir - look around, f - activate You blink.
Reach: N) +3 spear (freeze)
Press: ? - help, Dir - move target, f - wraith
Aim: a wraith (lightly damaged, about 29% to evade your +3 spear of freezing)
You reach to attack!
You closely miss the wraith.
The wraith is lightly damaged.
You are still too unstable to blink.
You hit the wraith but do no damage. You claw the wraith, but do no damage.
The wraith is lightly damaged.
The wraith hits you!
* * * LOW HITPOINT WARNING * * *
The wraith drains your vigour!
You feel as though you will be slow longer.
Casting: Static Discharge (safe; 3% risk of failure)
Press: ? - help, Q - select action, (/) - cycle Dir - look around, f - activate The wraith is struck by an arc of lightning.
The wraith is moderately damaged.
You are struck by an arc of lightning.
* * * LOW HITPOINT WARNING * * *
The wraith is struck by an arc of lightning!
The wraith is heavily damaged.
The lightning grounds out.
The wraith hits you but does no damage.
Casting: Scorch (safe; 1% risk of failure)
Press: ? - help, Q - select action, (/) - cycle Dir - look around, f - activate Flames lash the wraith.
The wraith is severely damaged.
The wraith's fire resistance burns away.
You feel stable enough to blink again. The wraith hits you!
You die...

#################.#
.......@..........#
.......W..........#
..................#
..................#
.......>..........#
......((..........#
..................#
.?......(.........#
.........((.......#


You could see a wraith (combustible).

Vanquished Creatures
  A necromancer (D:10)
  A komodo dragon (D:10)
  A hornet (D:10)
  Prince Ribbit (D:7)
  A vampire (D:10)
  A wyvern (D:11)
  11 yaks
  Grum (D:8)
  2 steam dragons
  Menkaure (D:6)
  2 vampire mosquitoes (D:12)
  A water moccasin (D:6)
  An orc warrior (D:9)
  2 ogres
  3 wolves (D:8)
  4 centaurs
  A phantom (D:7)
  4 kobold brigands
  A necrophage (D:6)
  3 scorpions
  5 bullfrogs
  9 wights (D:8)
  5 hounds
  2 jellies
  A gnoll bouda (D:7)
  4 orc priests
  3 iguanas
  6 orc wizards
  A yak simulacrum (D:10)
  4 polar bear simulacra (D:10)
  4 wolf simulacra (D:10)
  16 gnolls
  7 adders
  2 ufetubi
  A worm (D:5)
  2 dart slugs
  28 orcs
  5 bats
  7 endoplasms
  7 giant cockroaches
  6 goblins
  4 hobgoblins
  8 jackals
  2 quokkas
  6 ball pythons
  7 frilled lizards
  28 kobolds
  9 rats
  2 river rat simulacra (D:10)
234 creatures vanquished.

Vanquished Creatures (others)
  11 foxfires
  4 plants
15 creatures vanquished.

Grand Total: 249 creatures vanquished

Notes
Turn   | Place    | Note
-------+----------+-------------------------------------------
     0 | D:1      | Nerdsrcool the Gnoll Cinder Acolyte began the quest for the
                  | Orb.
     0 | D:1      | Reached XP level 1. HP: 23/23 MP: 4/4
   177 | D:1      | Reached XP level 2. HP: 29/29 MP: 5/5
   183 | D:1      | Learned a level 2 spell: Scorch
   505 | D:1      | Reached XP level 3. HP: 34/35 MP: 7/7
   747 | D:2      | Noticed a scorpion
   759 | D:2      | Killed a scorpion
   760 | D:2      | Reached skill level 1 in Short Blades
   760 | D:2      | Reached skill level 1 in Long Blades
   760 | D:2      | Reached skill level 1 in Axes
   760 | D:2      | Reached skill level 1 in Maces & Flails
   760 | D:2      | Reached skill level 1 in Staves
   760 | D:2      | Reached skill level 1 in Ranged Weapons
   760 | D:2      | Reached skill level 1 in Throwing
   760 | D:2      | Reached skill level 1 in Armour
   760 | D:2      | Reached skill level 1 in Dodging
   760 | D:2      | Reached skill level 1 in Stealth
   760 | D:2      | Reached skill level 1 in Shields
   760 | D:2      | Reached skill level 1 in Unarmed Combat
   760 | D:2      | Reached skill level 1 in Conjurations
   760 | D:2      | Reached skill level 1 in Hexes
   760 | D:2      | Reached skill level 1 in Summonings
   760 | D:2      | Reached skill level 1 in Necromancy
   760 | D:2      | Reached skill level 1 in Translocations
   760 | D:2      | Reached skill level 1 in Transmutations
   760 | D:2      | Reached skill level 1 in Ice Magic
   760 | D:2      | Reached skill level 1 in Air Magic
   760 | D:2      | Reached skill level 1 in Earth Magic
   760 | D:2      | Reached skill level 1 in Poison Magic
   760 | D:2      | Reached skill level 1 in Invocations
   760 | D:2      | Reached skill level 1 in Evocations
   760 | D:2      | Reached XP level 4. HP: 26/41 MP: 8/8
  1356 | D:2      | Found a faded altar of an unknown god.
  1381 | D:2      | Reached XP level 5. HP: 47/47 MP: 9/9
  2873 | D:4      | Reached XP level 6. HP: 52/53 MP: 5/11
  2961 | D:4      | Found a broken altar of Ashenzari.
  3564 | D:4      | Found Waluplar's Jewellery Boutique.
  3722 | D:4      | Reached XP level 7. HP: 53/60 MP: 9/12
  3781 | D:4      | Found a burning altar of Makhleb.
  3785 | D:4      | Found a blossoming altar of Fedhas.
  3790 | D:4      | Found a stormy altar of Qazlal.
  3797 | D:4      | Found an ornate altar of the Wu Jian Council.
  3797 | D:4      | Found a shadowy altar of Dithmenos.
  3797 | D:4      | Found an ancient bone altar of Kikubaaqudgha.
  3802 | D:4      | Found a bloodstained altar of Trog.
  4271 | D:5      | Entered Level 5 of the Dungeon
  4661 | D:5      | Found a staircase to the Ecumenical Temple.
  4776 | D:5      | Found a glowing drain.
  4809 | Sewer    | Entered a sewer
  4960 | Sewer    | Found a white marble altar of Elyvilon.
  5129 | D:5      | Identified the +2 halberd "Nuseygh" {elec, +Blink Will+
                  | MP-9 Dex+3}
  5240 | D:5      | Reached XP level 8. HP: 67/67 MP: 2/14
  5549 | D:6      | Noticed Menkaure
  5556 | D:6      | Killed Menkaure
  6518 | D:7      | Noticed Prince Ribbit
  6530 | D:7      | Killed Prince Ribbit
  6531 | D:7      | Reached XP level 9. HP: 60/73 MP: 4/16
  6592 | D:7      | Reached skill level 5 in Spellcasting
  6702 | D:7      | Learned a level 2 spell: Static Discharge
  7938 | D:8      | Reached skill level 5 in Invocations
  8076 | D:8      | Noticed Grum
  8091 | D:8      | Killed Grum
  8103 | D:8      | Learned a level 2 spell: Blink
  8265 | D:8      | Found a runed translucent gate.
  8889 | D:8      | Reached skill level 5 in Short Blades
  8889 | D:8      | Reached skill level 5 in Long Blades
  8889 | D:8      | Reached skill level 5 in Axes
  8889 | D:8      | Reached skill level 5 in Maces & Flails
  8889 | D:8      | Reached skill level 5 in Staves
  8889 | D:8      | Reached skill level 5 in Ranged Weapons
  8889 | D:8      | Reached skill level 5 in Throwing
  8889 | D:8      | Reached skill level 5 in Armour
  8889 | D:8      | Reached skill level 5 in Dodging
  8889 | D:8      | Reached skill level 5 in Stealth
  8889 | D:8      | Reached skill level 5 in Shields
  8889 | D:8      | Reached skill level 5 in Unarmed Combat
  8889 | D:8      | Reached skill level 5 in Evocations
  8889 | D:8      | Reached XP level 10. HP: 71/74 MP: 18/18
  9114 | D:8      | Found a runed translucent gate.
  9117 | D:8      | Found a runed translucent gate.
  9120 | D:8      | Noticed quakins's ghost (novice TrTm)
  9784 | D:9      | Identified the +9 whip of Grace {vorpal, rElec Str-3 Int-3
                  | Stlth+}
  9962 | D:9      | Gained mutation: Your flesh is cold resistant. (rC+)
                  | [potion of mutation]
  9962 | D:9      | Lost mutation: Your flesh is cold resistant. (rC+) [potion
                  | of mutation]
  9962 | D:9      | Gained mutation: You have a pair of small antennae on your
                  | head. [potion of mutation]
 10196 | D:10     | Entered Level 10 of the Dungeon
 10713 | D:10     | Noticed a necromancer
 10737 | D:10     | Killed a necromancer
 11176 | D:10     | Reached skill level 5 in Conjurations
 11176 | D:10     | Reached skill level 5 in Hexes
 11176 | D:10     | Reached skill level 5 in Summonings
 11176 | D:10     | Reached skill level 5 in Necromancy
 11176 | D:10     | Reached skill level 5 in Translocations
 11176 | D:10     | Reached skill level 5 in Transmutations
 11176 | D:10     | Reached skill level 5 in Ice Magic
 11176 | D:10     | Reached skill level 5 in Air Magic
 11176 | D:10     | Reached skill level 5 in Earth Magic
 11176 | D:10     | Reached skill level 5 in Poison Magic
 11797 | D:10     | Reached XP level 11. HP: 78/89 MP: 14/21
 11895 | D:11     | Noticed a two-headed ogre
 11898 | D:11     | Noticed a cyclops
 11955 | D:10     | Lost mutation: You have a pair of small antennae on your
                  | head. [potion of mutation]
 11955 | D:10     | Gained mutation: You have supernaturally acute eyesight.
                  | (SInv) [potion of mutation]
 11955 | D:10     | Gained mutation: You are strong-willed. (Will+) [potion of
                  | mutation]
 11955 | D:10     | Gained mutation: You have sharp toenails. [potion of
                  | mutation]
 12333 | Temple   | Entered the Ecumenical Temple
 13218 | D:11     | HP: 4/89 [wraith (7)]
 13220 | D:11     | Slain by a wraith

Illustrated notes

Levels and vault maps discovered:
D:1:      psy_arrival_radial01, layout_rooms, serial_bayou_pond_e,
          minmay_misc_feat_roman
D:2:      minmay_evil_eye, layout_basic, shapermc_ecumenical_altar_totnotflames
D:3:      layout_basic, minmay_starry_boxes
D:4:      layout_basic, cheibrodos_ashenzari_chains, minitemple,
          enter_ossuary_2, serial_shops, nicolae_shop_advertising_works
          [nicolae_subvault_shop_adworks]
D:5:      layout_basic, minmay_temple_entry_junction,
          cheibrodos_sewer_entry_bend
D:6:      layout_loops_ring, uniq_menkaure
D:7:      layout_basic, uniq_prince_ribbit1
D:8:      layout_layer_cave, gammafunk_ghost_necromancy, kennysheep_boxes,
          uniq_grum
D:9:      layout_loops_ring, hangedman_decor_opposing
D:10:     layout_roguey, serial_co_window_serial, co_window_paths_b,
          co_window_paths_b, co_window_paths_a, co_window_corner_a,
          co_window_paths_b, co_window_paths_a, co_window_paths_b,
          co_window_unsneaky_path_b, co_window_broadway_b, co_window_broadway_b,
          co_window_paths_c, glass_columns_b, glass_columns_a, glass_columns_b,
          eino_house_with_fridge
D:11:     hellmonk_paralyzer, layout_long_grid, lair_entry_dummy, serial_shops,
          shop
D:12:     layout_roguey, erik_orc_4, gauntlet_entry_generic, uniq_urug
Temple:   zaba_magenta_temple

Skill      XL: |  1  2  3  4  5  6  7  8  9 10 |
---------------+-------------------------------+-----
Short Blades   | 1 2 3 4 5 6 |  6.2
Long Blades    | 1 2 3 4 5 6 |  6.2
Axes           | 1 2 3 4 5 6 |  6.2
Maces & Flails | 1 2 3 4 5 6 |  6.2
Staves         | 1 2 3 4 5 6 |  6.2
Ranged Weapons | 1 2 3 4 5 6 |  6.2
Throwing       | 1 2 3 4 5 6 |  6.2
Armour         | 1 2 3 4 5 6 |  6.2
Dodging        | 1 2 3 4 5 6 |  6.2
Stealth        | 1 2 3 4 5 6 |  6.2
Shields        | 1 2 3 4 5 6 |  6.2
Unarmed Combat | 1 2 3 4 5 6 |  6.2
Spellcasting   | 3 4 5 6 |  6.8
Conjurations   | 1 2 3 4 5 |  5.1
Hexes          | 1 2 3 4 5 |  5.1
Summonings     | 1 2 3 4 5 |  5.1
Necromancy     | 1 2 3 4 5 |  5.1
Translocations | 1 2 3 4 5 |  5.1
Transmutations | 1 2 3 4 5 |  5.1
Ice Magic      | 1 2 3 4 5 |  5.1
Air Magic      | 1 2 3 4 5 |  5.1
Earth Magic    | 1 2 3 4 5 |  5.1
Poison Magic   | 1 2 3 4 5 |  5.1
Invocations    | 1 2 3 4 5 6 |  6.8
Evocations     | 1 2 3 4 5 6 |  6.2
Fighting       | 7 8 9 |  9.1
Polearms       | 7 8 9 |  9.1
Fire Magic     | 6 7 |  7.6

Action                   |  1- 3 |  4- 6 |  7- 9 | 10-12 || total
-------------------------+-------+-------+-------+-------++-------
Melee: Spear             |    52 |   117 |   111 |   193 ||   473
       Bite              |     7 |    15 |    28 |    32 ||    82
       Punch             |     1 |     1 |     2 |     3 ||     7
       Halberd           |       |       |   117 |       ||   117
       Kick              |       |       |       |    11 ||    11
Throw: Dart              |       |       |    21 |    35 ||    56
       Boomerang         |       |       |     4 |    30 ||    34
 Cast: Scorch            |     2 |    25 |    73 |    39 ||   139
       Static Discharge  |       |       |       |     3 ||     3
       Blink             |       |       |       |     3 ||     3
Invok: Fiery Armour      |     3 |     6 |       |       ||     9
       Foxfire Swarm     |     1 |     1 |       |       ||     2
       Rising Flame      |       |     1 |       |       ||     1
Evoke: Wand              |       |       |     1 |    10 ||    11
  Use: Scroll            |       |     6 |    12 |     9 ||    27
       Potion            |       |       |     7 |    13 ||    20
 Stab: Sleeping          |       |     1 |       |       ||     1
       Distracted        |       |       |       |     1 ||     1
Armor: Robe              |     8 |       |       |       ||     8
       Ring mail         |     2 |    33 |    31 |       ||    66
       Steam dragon scal |       |       |    31 |    49 ||    80
Dodge: Dodged            |    21 |    50 |   147 |   124 ||   342
Block: Buckler           |       |       |       |    33 ||    33
